 Dungeon Crawl Stone Soup version 0.24.1-14-gf8d2b509d9 (webtiles) character file.

Game seed: 8601814262738573711, levelgen mode: deterministic

39 Mrkan the Skirmisher (level 3, -1/33 HPs)
             Began as a Ghoul Monk on May 21, 2020.
             Slain by a hobgoblin
             ... wielding a +0 club
              (4 damage)
             ... on level 2 of the Dungeon.
             The game lasted 00:01:34 (1123 turns).

Mrkan the Skirmisher (Ghoul Monk)                   Turns: 1123, Time: 00:01:34

Health: -1/33      AC:  2    Str: 15    XL:     3   Next: 47%
Magic:  2/2        EV: 13    Int:  5    God:
Gold:   117        SH:  0    Dex: 11    Spells: 2/2 levels left

rFire    . . .     SeeInvis .   a - +0 hand axe
rCold    + . .     Gourm    .   (no shield)
rNeg     + + +     Faith    .   b - +0 robe
rPois    ∞         Spirit   .   (no helmet)
rElec    .         Reflect  .   (no cloak)
rCorr    .         Harm     .   (no gloves)
MR       .....                  (no boots)
Stlth    ++........             (no amulet)
HPRegen  0.00/turn              (no ring)
MPRegen  0.08/turn              (no ring)

@: rotting
A: rotting body, claws 1, carnivore, cold resistance 1, negative energy
resistance 3, inhibited regeneration, torment resistance, unbreathing
a: no special abilities


You were on level 2 of the Dungeon.
You were not hungry.

You visited 1 branch of the dungeon, and saw 2 of its levels.

You collected 117 gold pieces.

Inventory:

Hand Weapons
 a - a +0 hand axe (weapon)
Armour
 b - a +0 robe (worn)
Scrolls
 f - a scroll of fear {unknown}
 j - a scroll of enchant weapon {unknown}
 k - a scroll of identify {unknown}
Potions
 d - 2 potions of curing {unknown}
 e - a potion of ambrosia {unknown}
 g - a potion of heal wounds {unknown}
 h - a potion of mutation {unknown}
 i - a potion of degeneration {unknown}
Comestibles
 c - 3 rations


   Skills:
 + Level 3.7 Fighting
 * Level 3.5 Axes
 + Level 2.9 Dodging
 - Level 2.1 Stealth


You had 2 spell levels left.
You didn't know any spells.
Your spell library was empty.

Dungeon Overview and Level Annotations

Branches:
Dungeon (2/15)

Altars:


Innate Abilities, Weirdness & Mutations

Your body is rotting away.
You thrive on raw meat.
You are immune to poison.
You have sharp fingernails.
You are carnivorous and can eat meat at any time.
Your flesh is cold resistant. (rC+)
You are immune to negative energy. (rN+++)
You do not regenerate when monsters are visible.
You are immune to unholy pain and torment.
You can survive without breathing.


Message History

The quokka barely misses you.
You hit the quokka.
You kill the quokka!
You closely miss the hobgoblin. The hobgoblin closely misses you.
You closely miss the hobgoblin.
The hobgoblin hits you but does no damage.
You see here a quokka corpse.
You barely miss the hobgoblin. The hobgoblin hits you with a +0 club.
* * * LOW HITPOINT WARNING * * *
You hit the hobgoblin.
The hobgoblin is moderately wounded.
The hobgoblin hits you with a +0 club.
* * * LOW HITPOINT WARNING * * *
You hit the hobgoblin.
The hobgoblin is severely wounded.
The hobgoblin closely misses you.
You hit the hobgoblin but do no damage.
The hobgoblin is severely wounded.
The hobgoblin hits you with a +0 club.
You die...

..# #.# # ... ####
##.## ..# ...# .. ...
#.# ##.# #.##.##.#
#.# #.......# ##.#
#.#..#####.# #..#
#.....@g...# #.##
###...###### #.###
#...# #...##
#...#####
.....########........
......#..............
....>......†.........
......#..............
.....########...####.


You could see a hobgoblin.

Vanquished Creatures
  An ooze (D:1)
  2 dart slugs (D:1)
  A leopard gecko (D:2)
  3 bats
  A giant cockroach (D:1)
  5 goblins (D:1)
  4 hobgoblins (D:1)
  A jackal (D:1)
  A quokka (D:2)
  A frilled lizard (D:1)
  5 kobolds
  3 rats
28 creatures vanquished.

Notes
Turn   | Place    | Note
-------+----------+-------------------------------------------
     0 | D:1      | Mrkan the Ghoul Monk began the quest for the Orb.
     0 | D:1      | Reached XP level 1. HP: 19/19 MP: 0/0
    47 | D:1      | Reached XP level 2. HP: 25/26 MP: 1/1
   448 | D:1      | Reached XP level 3. HP: 31/33 MP: 2/2
  1123 | D:2      | Slain by a hobgoblin

Levels and vault maps discovered:
D:1:      erik_arrival_cave_to_civilisation [erik_arrival_cave_to_hall],
          layout_basic
D:2:      layout_loops_cross, first_ration

Skill      XL: |  1 |
---------------+----+-----
Axes           | 3 |  3.5
Fighting       | |  3.7
Dodging        | |  2.9
Stealth        | |  2.1

Action                   || total
-------------------------++-------
Melee: Hand axe          ||    82
 Stab: Sleeping          ||     4
  Eat: Chunk             ||     2
Armor: Robe              ||    11
Dodge: Dodged            ||    54
